 Dungeon Crawl Stone Soup version 0.28.0-45-g0d030f2227 (webtiles) character file.

Game seed: 18042793588300830550

735 hawla the Magician (level 7, -11/38 HPs)
             Began as a Deep Elf Earth Elementalist on Apr 17, 2022.
             Shot with an arrow by a centaur (13 damage)
             ... on level 5 of the Dungeon.
             The game lasted 00:15:30 (5314 turns).

hawla the Magician (Deep Elf Earth Elementalist)    Turns: 5314, Time: 00:15:31

Health: -11/38     AC:  4    Str:  6 (7)  XL:     7   Next: 45%
Magic:  17/17      EV: 27    Int: 19 (20) God:
Gold:   260        SH:  0    Dex: 13 (15) Spells: 13/17 levels left

rFire   . . .      SeeInvis .   d - +0 dagger
rCold   + . .      Faith    .   o - orb {*channel}
rNeg    . . .      Spirit   .   b - +1 robe
rPois   .          Reflect  .   (no helmet)
rElec   .          Harm     .   (no cloak)
rCorr   .          Rampage  .   j - +0 pair of gloves
Will    .....                   (no boots)
Stlth   ++........              t - amulet of the acrobat
HPRegen 0.12/turn               q - ring of protection from cold
MPRegen 0.15/turn               (no ring)

@: acrobatic, hasted, very quick
A: no striking features
a: no special abilities


You were on level 5 of the Dungeon.
You visited 1 branch of the dungeon, and saw 5 of its levels.

You collected 260 gold pieces.

Inventory:

Hand Weapons
 d - a +0 dagger (weapon)
Missiles
 a - 4 boomerangs
 c - 58 stones
 f - 9 poisoned darts (quivered)
 k - 4 javelins
Armour
 b - a +1 robe (worn)
 i - a +0 buckler
 j - a +0 pair of gloves (worn)
 o - an orb of energy (worn)
Magical Staves
 w - a staff of conjuration
Jewellery
 q - a ring of protection from cold (left hand)
 t - an amulet of the acrobat (around neck)
Wands
 x - a wand of iceblast (5)
 y - a wand of flame (13)
Scrolls
 h - 3 scrolls of identify
Potions
 e - a potion of degeneration
 r - a potion of attraction {unknown}
 s - a potion of brilliance {unknown}


   Skills:
 - Level 1.0 Fighting
 + Level 0.6 Throwing
 - Level 2.4 Dodging
 - Level 2.4 Stealth
 - Level 1.2 Shields
 + Level 5.8 Spellcasting
 - Level 3.0 Conjurations
 + Level 4.3 Transmutations
 + Level 5.4 Earth Magic
 + Level 2.2 Evocations


You had 13 spell levels left.
You knew the following spells:

 Your Spells              Type           Power      Damage    Failure   Level
a - Sandblast             Erth           52%        2d12      1%          1
b - Stone Arrow           Conj/Erth      42%        3d9       6%          3

Your spell library contained the following spells:

 Spells                   Type           Power      Damage    Failure   Level
 Passwall                 Tmut/Erth      20%        N/A       2%          2
 Wereblood                Tmut           22%        N/A       3%          2
 Petrify                  Tmut/Erth      24%        N/A       16%         4
 Sublimation of Blood     Necr           5%         N/A       17%         2
 Statue Form              Tmut/Erth      16%        N/A       93%         6
 Metabolic Englaciation   Hex/Ice        2%         N/A       97%         5
 Summon Hydra             Summ           2%         N/A       100%        7


Dungeon Overview and Level Annotations

Branches:
Dungeon (5/15)
 Temple: D:4-7

Altars:
Qazlal
Zin

Annotations:
D:5 Dowan, Duvessa, Sigmund


Message History

You feel sick. The bullfrog zombie barely misses you.
Duvessa gestures with her weapon.
Duvessa hits you with a +0 rapier!
Sigmund mumbles some strange words.
Sigmund flickers and vanishes!
Deactivating autopickup; reactivate with Ctrl-A.
The bullfrog zombie closely misses you.
You feel much better.
You feel sick. The bullfrog zombie barely misses you.
Duvessa hits you with a +0 rapier! Something hits you but does no damage.
You hit Duvessa but do no damage.
You feel sick.
You are no longer poisoned.
The bullfrog zombie hits you but does no damage.
Duvessa closely misses you.
You hit Duvessa.
Duvessa is lightly wounded.
The bullfrog zombie barely misses you. Something hits you but does no damage.
Duvessa hits you with a +0 rapier.
You barely miss Duvessa.
Duvessa is lightly wounded.
The bullfrog zombie hits you but does no damage.
Duvessa hits you with a +0 rapier!
The bullfrog zombie is lost in a daze.
Something barely misses you.
It was a potion of cancellation.
Your magical effects are unravelling.
You feel magically purged.
You feel a little less mighty now.
Dowan shouts!
The bullfrog zombie closely misses you. Duvessa hits you but does no damage.
It was a potion of haste.
You feel yourself speed up. The bullfrog zombie barely misses you.
Something hits you but does no damage. Duvessa hits you with a +0 rapier!
* * * LOW HITPOINT WARNING * * *
The bullfrog zombie hits you.
* * * LOW HITPOINT WARNING * * *
The bullfrog zombie is no longer dazed.
A centaur comes into view.
The centaur wields a +0 shortbow.
The centaur shoots an arrow.
The arrow barely misses you.
The centaur shoots an arrow.
The arrow hits you!
You die...

########......#......###+##
#.............#
#.............+
####.............#
#................#
#.c....##.#......#
#......##.#......#
#......##.#......#
#.....@##.#......#
#......##.#......#
#......##.########
#....eZ##.# #......##.#
#......##.#####
#..........e... # ##
#######........ ..#.
#........ #...


You could see Duvessa, a centaur and a bullfrog zombie.

Vanquished Creatures
  Grinder (D:4)
  An ogre (D:4)
  A scorpion (D:4)
  A centaur skeleton (D:4)
  A centaur zombie (D:5)
  A jelly (D:4)
  An iguana (D:5)
  2 orc wizards (D:4)
  6 adders
  8 gnolls
  An adder skeleton (D:4)
  A worm (D:3)
  5 dart slugs
  6 orcs
  9 bats
  4 endoplasms
  4 giant cockroaches
  6 goblins
  6 hobgoblins
  2 jackals (D:1)
  5 quokkas
  5 ball pythons
  4 frilled lizards
  A jackal skeleton (D:4)
  5 kobolds
  4 rats
91 creatures vanquished.

Notes
Turn   | Place    | Note
-------+----------+-------------------------------------------
     0 | D:1      | hawla the Deep Elf Earth Elementalist began the quest for
                  | the Orb.
     0 | D:1      | Reached XP level 1. HP: 10/10 MP: 6/6
   497 | D:1      | Reached XP level 2. HP: 15/15 MP: 6/8
  1052 | D:2      | Reached XP level 3. HP: 19/19 MP: 6/10
  1099 | D:2      | Reached skill level 1 in Shields
  1121 | D:2      | Reached XP level 4. HP: 24/24 MP: 4/11
  1125 | D:2      | Learned a level 3 spell: Stone Arrow
  1494 | D:2      | Found a stormy altar of Qazlal.
  1617 | D:2      | Found the +18 Lear's hauberk
  2244 | D:3      | Found a faded altar of an unknown god.
  2777 | D:3      | Reached XP level 5. HP: 28/28 MP: 5/13
  3599 | D:4      | Reached skill level 1 in Fighting
  3599 | D:4      | Reached skill level 1 in Conjurations
  3603 | D:4      | Reached skill level 1 in Evocations
  3682 | D:4      | Noticed Grinder
  3694 | D:4      | Killed Grinder
  3695 | D:4      | Reached skill level 5 in Spellcasting
  3695 | D:4      | Reached XP level 6. HP: 24/34 MP: 9/15
  3903 | D:4      | Reached skill level 5 in Earth Magic
  4076 | D:4      | Reached XP level 7. HP: 38/38 MP: 4/17
  4170 | D:4      | Found a glowing silver altar of Zin.
  4915 | D:5      | Entered Level 5 of the Dungeon
  4915 | D:5      | Noticed Duvessa
  4915 | D:5      | Noticed Dowan
  5293 | D:5      | Noticed Sigmund
  5314 | D:5      | Shot with an arrow by a centaur

Illustrated notes

Levels and vault maps discovered:
D:1:      sevenhm_arrival_forest_fort_large_2, layout_rooms, minmay_pentomino_u4
D:2:      layout_basic, basic_altar
D:3:      layout_loops_ring, dreamdust_ecumenical_altar_grove
D:4:      layout_rooms, lemuel_doored_altar, minmay_misc_feat_plants,
          grunt_ministairs_2, minmay_bent, uniq_grinder
D:5:      minmay_spotlight, layout_basic, lemuel_round_altar,
          minmay_temple_entry_offerings, serial_shops, kennysheep_mini_moat,
          uniq_edmund, uniq_sigmund, uniq_duvessa

Skill      XL: |  1  2  3  4  5  6  7 |
---------------+----------------------+-----
Transmutations | 2 3 4 |  4.3
Shields        | 1 |  1.2
Earth Magic    | 4 5 |  5.4
Spellcasting   | 4 5 |  5.8
Fighting       | 1 |  1.0
Conjurations   | 2 3 |  3.0
Evocations     | 2 |  2.2
Throwing       | |  0.6
Dodging        | |  2.4
Stealth        | |  2.4

Action                   |  1- 3 |  4- 6 |  7- 9 || total
-------------------------+-------+-------+-------++-------
Melee: Dagger            |     1 |    50 |    27 ||    78
Throw: Dart              |       |     6 |     9 ||    15
 Cast: Sandblast         |    40 |    36 |     7 ||    83
       Stone Arrow       |       |    34 |    16 ||    50
  Use: Scroll            |     3 |     4 |     3 ||    10
       Potion            |       |     3 |     6 ||     9
 Stab: Sleeping          |       |     2 |       ||     2
Armor: Robe              |     3 |    22 |    21 ||    46
Dodge: Dodged            |    11 |    45 |    33 ||    89
Block: Buckler           |     1 |     4 |       ||     5
